 Dungeon Crawl Stone Soup version 0.22-a0-412-g2b68d14 (webtiles) character file.

2540 Borgoz the Chopper (level 9, -2/56 HPs)
             Began as a Gargoyle Abyssal Knight on May 12, 2018.
             Was a Priest of Lugonu.
             Splashed by a jelly's acid (8 damage)
             ... on level 7 of the Dungeon.
             The game lasted 00:14:05 (8344 turns).

Borgoz the Chopper (Gargoyle Abyssal Knight)        Turns: 8344, Time: 00:14:07

Health: -2/56      AC: -1    Str: 17    XL:     9   Next: 55%
Magic:  13/13      EV: 13    Int: 12    God:    Lugonu [***...]
Gold:   436        SH:  0    Dex: 12    Spells: 8/8 levels left

rFire    . . .     SeeInvis .   a - +1 hand axe
rCold    . . .     Gourm    .   (no shield)
rNeg     + . .     Faith    .   i - +0 leather armour
rPois    ∞         Spirit   .   (no helmet)
rElec    +         Reflect  .   (no cloak)
rCorr    .         Harm     .   (no gloves)
MR       .....                  (no boots)
Stlth    +.........             (no amulet)
HPRegen  0.18/turn              (no ring)
MPRegen  0.13/turn              (no ring)

@: corroded
A: negative energy resistance 1, electricity resistance, unbreathing,
petrification resistance, rot immunity, AC +6
a: Depart the Abyss, Bend Space, Banish, Renounce Religion


You were on level 7 of the Dungeon.
You worshipped Lugonu.
Lugonu was most pleased with you.
You were hungry.

You visited 1 branch of the dungeon, and saw 7 of its levels.
You visited the Abyss 1 time.

You collected 436 gold pieces.

Inventory:

Hand Weapons
 a - a +1 hand axe (weapon)
 b - a +2 whip of flaming
Armour
 i - a +0 leather armour (worn)
Wands
 m - a wand of random effects (24)
 r - a wand of polymorph (8)
Scrolls
 e - 4 scrolls of teleportation
 g - a scroll of blinking {unknown}
 k - 4 scrolls of fog
 l - a scroll of fear {unknown}
 n - a scroll of magic mapping
 o - 4 scrolls of remove curse
Potions
 f - 3 potions of lignification
 h - 2 potions of flight
 p - 2 potions of agility
 q - a potion of mutation {unknown}
Comestibles
 c - 17 rations


   Skills:
 + Level 6.4 Fighting
 * Level 6.9 Axes
 + Level 6.0 Armour
 + Level 4.3 Dodging
 + Level 5.8 Invocations


You had 8 spell levels left.
You didn't know any spells.
Your spell library contained the following spells:

 Spells                   Type           Power        Failure   Level  Hunger
 Confuse                  Hex            #.......     75%         3    ####...
 Confusing Touch          Hex            #.....       36%         1    ##.....
 Metabolic Englaciation   Hex/Ice        #.........   100%        5    ######.
 Petrify                  Tmut/Erth      #.......     98%         4    #####..
 Gell's Gravitas          Tloc           #.........   75%         3    ####...
 Yara's Violent Unravell  Hex/Tmut       #.........   100%        5    ######.


Dungeon Overview and Level Annotations

Branches:
Dungeon (7/15)
 Temple: D:4-7

Altars:
Makhleb
Uskayaw


Innate Abilities, Weirdness & Mutations

You are resistant to torment.
Your stone body is resilient. (AC +6)
You are immune to poison.
You resist negative energy. (rN+)
You are resistant to electric shocks. (rElec)
You can survive without breathing.
You are immune to petrification.
You are immune to rotting.


Message History

You are too injured to fight recklessly!
You are too injured to fight recklessly!
You are too injured to fight recklessly!
You hit the jelly.
Your hands burn!
The jelly is heavily wounded.
The jelly closely misses you.
You hit the jelly but do no damage. The acid corrodes you!
Your hands burn!
The jelly is heavily wounded.
The jelly barely misses you.
You hit the jelly but do no damage.
Your hands burn!
The jelly is heavily wounded.
The jelly hits you.
You are splashed with acid!
The acid burns!
* * * LOW HITPOINT WARNING * * *
You hit the jelly but do no damage.
Your hands burn!
* * * LOW HITPOINT WARNING * * *
The jelly is heavily wounded.
The jelly hits you.
* * * LOW HITPOINT WARNING * * *
You are splashed with acid!
The acid burns!
You die...

.# #....#...# .# #....#J.[#
.# #....#...# .# #....#...#
.# #....#..J# .# #....#...#
.# #....#...#
.###########...#############
..............JJ@..........#
##########################.#
# #.# # ######### #.# #
#..(....# #.# ######
#.#####.# #.# .....# #.# #.#
#.# ####.#####.# #.# #.#
....§§§§.§.# #.# #.#


You could see a jelly and an ooze.

Vanquished Creatures
  Pikel (D:5)
  A slime creature (D:7)
  Edmund (D:5)
  An ice beast (D:6)
  A sky beast (D:6)
  A black bear (D:5)
  An ogre (D:4)
  2 phantoms (D:5)
  A bullfrog (D:6)
  4 scorpions
  A wyvern skeleton (D:6)
  An electric eel (D:6)
  A howler monkey (D:4)
  2 crimson imps (D:6)
  A centaur zombie (D:5)
  5 hounds
  2 orc wizards
  2 orc priests (D:4)
  2 jellies
  A centaur skeleton (D:7)
  2 iguanas (D:6)
  4 worker ants
  A hound skeleton (D:4)
  8 adders
  A howler monkey skeleton (D:6)
  2 shadow imps
  6 oozes
  3 worms
  4 dart slugs
  8 leopard geckos
  14 orcs
  2 giant cockroaches (D:2)
  6 goblins
  6 hobgoblins
  4 jackals
  8 kobolds
  5 ball pythons
  4 bats
  7 frilled lizards
  A jackal zombie (D:7)
  2 leopard gecko skeletons (D:4)
  A quokka skeleton (D:4)
  15 rats
146 creatures vanquished.

Vanquished Creatures (others)
  3 slaves (D:5)
  A bullfrog (D:7)
  6 fungi (D:7)
  5 toadstools (D:1)
15 creatures vanquished.

Grand Total: 161 creatures vanquished

Notes
Turn   | Place    | Note
-------+----------+-------------------------------------------
     0 | Abyss:1  | Borgoz the Gargoyle Abyssal Knight began the quest for the Orb.
     0 | Abyss:1  | Reached XP level 1. HP: 14/14 MP: 2/2
    18 | Abyss:1  | Found a sacrificial altar of Ru.
    46 | Abyss:1  | Noticed an ancient zyme
    47 | D:1      | Escaped the Abyss
    97 | D:1      | Reached skill level 1 in Dodging
   120 | D:1      | Reached XP level 2. HP: 19/19 MP: 3/3
   121 | D:1      | Reached * piety under Lugonu
   356 | D:1      | Reached XP level 3. HP: 23/23 MP: 4/4
  1227 | D:2      | Found a burning altar of Makhleb.
  1247 | D:2      | Reached XP level 4. HP: 11/28 MP: 5/5
  1561 | D:2      | Reached ** piety under Lugonu
  1842 | D:3      | Reached XP level 5. HP: 29/33 MP: 7/7
  2516 | D:4      | Found a hide-covered altar of Uskayaw.
  2583 | D:4      | Reached XP level 6. HP: 25/38 MP: 8/8
  2844 | D:5      | Entered Level 5 of the Dungeon
  3261 | D:5      | Noticed a slave
  3262 | D:5      | Noticed a slave
  3262 | D:5      | Noticed Pikel
  3262 | D:5      | Noticed a slave
  3263 | D:5      | Noticed a slave
  3267 | D:5      | Killed Pikel
  3267 | D:5      | Reached skill level 5 in Fighting
  3267 | D:5      | Reached XP level 7. HP: 30/44 MP: 8/10
  3267 | D:5      | Reached XP level 8. HP: 33/49 MP: 8/11
  3309 | D:5      | Noticed Edmund
  3332 | D:5      | Killed Edmund
  3332 | D:5      | Reached skill level 5 in Axes
  3856 | D:4      | You fall through a shaft!
  4746 | D:4      | Reached skill level 5 in Armour
  5362 | D:4      | Reached skill level 5 in Invocations
  5397 | D:4      | Reached *** piety under Lugonu
  5851 | D:5      | Reached XP level 9. HP: 45/55 MP: 12/12
  7969 | D:7      | HP: 2/56 [slime creature (16)]
  7977 | D:7      | HP: 2/84 [slime creature (12)]
  8344 | D:7      | Splashed by a jelly's acid

Vault maps used:
D:1:      ldierk_walled_garden, minmay_tetromino_l4
D:2:      grunt_ministairs_14, makhleb_heckhound_becter
D:3:      minmay_misc_feat_tiny, guppyfry_early_lair_pool
D:4:      eat_drink_and_be_merry_uskayaw
D:5:      first_ration, uniq_edmund, uniq_pikel
D:6:      cheibrodos_helix_gallery
D:7:      lemuel_slime, minmay_temple_entry_large_hall, grunt_ogre_cave,
          lemuel_flamethrower_2

Skill      XL: |  1  2  3  4  5  6  7  8  9 |
---------------+----------------------------+-----
Axes           | 2 3 4 6 |  6.9
Dodging        | 1 2 3 4 |  4.3
Armour         | 3 4 5 6 |  6.0
Fighting       | 4 5 6 |  6.4
Invocations    | 3 4 5 |  5.8

Action                   |  1- 3 |  4- 6 |  7- 9 || total
-------------------------+-------+-------+-------++-------
Melee: Hand axe          |   127 |   176 |   474 ||   777
Invok: Depart the Abyss  |     1 |       |       ||     1
  Use: Potion            |       |     1 |     6 ||     7
       Scroll            |       |       |    10 ||    10
  Eat: Chunk             |     1 |     5 |    18 ||    24
Armor: Leather armour    |    50 |    65 |   139 ||   254
Dodge: Dodged            |    77 |    97 |   223 ||   397

Table legend:
 A = Spawn XP
 B = Non-spawn XP
 C = Spawn XP percentage of total XP
 D = Spawn monster count
 E = Non-spawn monster count
 F = Spawn count percentage of total count
 G = Total turns spent on level
                    A         B        C        D         E        F      G
               +---------+---------+-------+---------+---------+-------+---------
         Total |       0 |    3629 |   0.0 |       0 |     146 |   0.0 |  8344
               +---------+---------+-------+---------+---------+-------+---------
           D:1 |       0 |      54 |   0.0 |       0 |      30 |   0.0 |   743
           D:2 |       0 |      95 |   0.0 |       0 |      23 |   0.0 |  1019
           D:3 |       0 |     105 |   0.0 |       0 |      25 |   0.0 |   687
           D:4 |       0 |     636 |   0.0 |       0 |      20 |   0.0 |  1635
           D:5 |       0 |    1497 |   0.0 |       0 |      22 |   0.0 |  1931
           D:6 |       0 |     883 |   0.0 |       0 |      19 |   0.0 |  1425
           D:7 |       0 |     359 |   0.0 |       0 |       7 |   0.0 |   857
               +---------+---------+-------+---------+---------+-------+---------
